 Dungeon Crawl Stone Soup version 0.17-a0-1769-g54adf96 (webtiles) character file.

326 Magnus the Skirmisher (level 6, -5/49 HPs)
             Began as a Mummy Gladiator on Sept 7, 2015.
             Was an Initiate of Cheibriados.
             Slain by an ogre
             ... wielding a +0 giant club
              (6 damage)
             ... on level 4 of the Dungeon.
             The game lasted 00:14:36 (5291 turns).

Magnus the Skirmisher (Mummy Gladiator)             Turns: 5291, Time: 00:14:36

Health: -5/49      AC:  9    Str: 21    XL:     6   Next: 24%
Magic:  6/6        EV:  8    Int:  9    God:    Cheibriados [......]
Gold:   215        SH:  0    Dex: 13    Spells: 0 memorised, 5 levels left

rFire  x . .     SeeInvis .     o - +0 hand axe (flame)
rCold  + . .     Clarity  .     m - +0 chain mail
rNeg   + + +     SustAt   .     (no shield)
rPois  ∞         Gourm    .     c - +0 helmet
rElec  .         Spirit   .     (no cloak)
rCorr  .         Warding  .     (no gloves)
rMut   .         Stasis   .     (no boots)
MR     .....                    n - amulet of regeneration
Stlth  ..........               (no ring)
                                (no ring)

@: very slow, not resistant to hostile enchantments, extremely unstealthy
A: no food or potions, fire vulnerability, cold resistance 1, negative energy
resistance 3, torment resistance, unbreathing
a: Bend Time, Renounce Religion


You were on level 4 of the Dungeon.
You worshipped Cheibriados.
Cheibriados was noncommittal.
You were not hungry.

You visited 2 branches of the dungeon, and saw 5 of its levels.

You collected 215 gold pieces.

Inventory:

Hand weapons
 a - a +0 war axe
 l - a +0 spear of venom
 o - a +0 hand axe of flaming (weapon)
Missiles
 d - 2 throwing nets (quivered)
 h - 7 tomahawks
Armour
 c - a +0 helmet (worn)
 f - a +0 plate armour
 m - a +0 chain mail (worn)
Jewellery
 n - an amulet of regeneration (around neck)
Scrolls
 b - a scroll of teleportation
 e - a scroll of blinking {unknown}
 g - 2 scrolls of amnesia {unknown}
 i - 2 scrolls of remove curse
 k - a scroll of enchant weapon {unknown}


   Skills:
 + Level 4.7 Fighting
 + Level 4.5 Axes
 - Level 1.5 Throwing
 - Level 2.4 Dodging


You had 5 spell levels left.
You didn't know any spells.

Dungeon Overview and Level Annotations

Branches:
Dungeon (4/15)             Temple (1/1) D:4

Altars:
Cheibriados
Dithmenos
Elyvilon
Fedhas
Gozag
Kikubaaqudgha
Makhleb
Nemelex Xobeh
Okawaru
Qazlal
Ru
Sif Muna
Trog
Vehumet
Xom
Yredelemnul
Zin
The Shining One

Annotations:
D:3 Gargoyl's ghost, average DsAK


Innate Abilities, Weirdness & Mutations

You do not eat or drink.
Your flesh is vulnerable to fire.
You are immune to poison.
Your flesh is cold resistant.
You are immune to negative energy.
You are immune to unholy pain and torment.
You can survive without breathing.


Message History

You hit the ogre. You burn the ogre.
The ogre is severely wounded.
The ogre hits you with a giant club.
You barely miss the ogre.
The ogre is severely wounded.
The ogre hits you with a giant club!
You barely miss the ogre.
The ogre is severely wounded.
The ogre hits you with a giant club!!
* * * LOW HITPOINT WARNING * * *
You are too injured to fight recklessly!
You are too injured to fight recklessly!
You are too injured to fight recklessly!
Throwing (i - inventory. (,) - cycle):
d - 3 throwing nets (quivered)
Press: ? - help, Shift-Dir - straight line, f - ogre
Aim: an ogre, wielding a giant club (severely wounded)
You throw a throwing net.
The throwing net closely misses the ogre.
The ogre hits you with a giant club.
You die...

#.#..#..#.#
#.#..#..#.###
#.......#.#..
#.......#.#.#
#.......#.#.#
#.......#.#.#
#.#..#..#.#.#
#.........#O######
###<###.......@.......
........####.#########
#######..........
#..........#
#####.#.##...#.#
........##...#.# #
.####........#.#.###
#......##..........
#.##...##.#>.......


You could see an ogre.

Vanquished Creatures
  An ogre (D:4)
  A hound (D:4)
  An orc priest (D:3)
  3 adders
  4 gnolls
  2 worms (D:2)
  An adder skeleton (D:4)
  4 giant geckos
  8 orcs
  6 giant cockroaches
  3 goblins
  12 hobgoblins
  9 jackals
  13 kobolds
  A quokka (D:2)
  9 bats
  6 giant newts
  A jackal skeleton (D:4)
  10 rats
95 creatures vanquished.

Notes
Turn   | Place    | Note
--------------------------------------------------------------
     0 | D:1      | Magnus the Mummy Gladiator began the quest for the Orb.
     0 | D:1      | Reached XP level 1. HP: 16/16 MP: 1/1
     0 | D:1      | Noticed a centaur zombie
     2 | D:1      | Noticed a vine stalker zombie
    14 | D:1      | Noticed an octopode zombie
    16 | D:1      | Noticed a human zombie
    20 | D:1      | Noticed a troll zombie
    44 | D:1      | Reached XP level 2. HP: 20/23 MP: 2/2
   233 | D:1      | Reached skill level 3 in Axes
   418 | D:1      | Reached XP level 3. HP: 24/28 MP: 3/3
  1469 | D:2      | Reached XP level 4. HP: 15/35 MP: 4/4
  2727 | D:3      | Noticed Gargoyl's ghost (average DsAK)
  2728 | D:3      | Found a burning altar of Makhleb.
  3838 | D:3      | Noticed an Executioner
  4024 | D:3      | Reached XP level 5. HP: 9/42 MP: 5/5
  4323 | D:3      | Reached skill level 4 in Fighting
  4686 | D:4      | Found a staircase to the Ecumenical Temple.
  4694 | Temple   | Entered the Ecumenical Temple
  4888 | Temple   | Became a worshipper of Cheibriados the Contemplative
  5191 | D:4      | Noticed an ogre
  5202 | D:4      | Killed an ogre
  5202 | D:4      | Reached XP level 6. HP: 23/49 MP: 6/6
  5285 | D:4      | Noticed an ogre
  5290 | D:4      | HP: 1/49 [ogre/giant club (24)]
  5291 | D:4      | Slain by an ogre

Vault maps used:
D:1:      shiori_arrival_whats_in_store_for_you
D:3:      wad_lake_hut, makhleb_altar_promises_db
D:4:      minmay_temple_entry_nine_rooms, first_bread
Temple:   grunt_circular_temple_18

Action                   |  1- 3 |  4- 6 || total
-------------------------+-------+-------++-------
Melee: War axe           |   127 |   144 ||   271
       Hand axe          |       |    71 ||    71
Throw: Throwing net      |       |     1 ||     1
  Use: Scroll            |     3 |     2 ||     5
